 Dungeon Crawl Stone Soup version 0.23-a0-655-g3751e1c (webtiles) character file.

15275 galech the Cleaver (level 11, 0/89 HPs)
             Began as a Demonspawn Fighter on Jan 7, 2019.
             Was a High Priest of Okawaru.
             Slain by an orc warrior
             ... wielding a +2 battleaxe of electrocution
              (11 damage)
             ... on level 1 of the Orcish Mines.
             The game lasted 00:22:05 (13431 turns).

galech the Cleaver (Demonspawn Fighter)            Turns: 13431, Time: 00:22:07

Health: 0/89       AC: 28    Str: 18    XL:     11   Next: 99%
Magic:  10/11      EV: 11    Int:  9    God:    Okawaru [*****.]
Gold:   433        SH: 13    Dex: 15    Spells: 10/10 levels left

rFire    + + +     SeeInvis .   M - +1 broad axe
rCold    . . .     Gourm    .   c - +0 shield
rNeg     + + .     Faith    .   O - +10 plate armour of Liheaj {*Contam rF+++ rN+ rCorr}
rPois    .         Spirit   .   (helmet restricted)
rElec    .         Reflect  .   y - +0 cloak
rCorr    +         Harm     .   (no gloves)
MR       .....                  z - +0 pair of boots
Stlth    ..........             F - amulet of regeneration
HPRegen  0.64/turn              P - +1 ring of evasion
MPRegen  0.12/turn              J - ring of positive energy

@: heroism
A: horns 1, powered by death 2, powered by pain 2
a: Heroism, Finesse, Renounce Religion


You were on level 1 of the Orcish Mines.
You worshipped Okawaru.
Okawaru was extremely pleased with you.
You were not hungry.

You visited 3 branches of the dungeon, and saw 14 of its levels.

You collected 680 gold pieces.
You spent 247 gold pieces at shops.

Inventory:

Hand Weapons
 a - a +0 war axe
 C - the +1 spear "Wepheuxa" {freeze, +Rage rC+}
   (You found it on level 5 of the Dungeon)

   It has been specially enchanted to freeze those struck by it, causing extra
   injury to most foes and up to half again as much damage against particularly
   susceptible opponents.
   It can also slow down cold-blooded creatures.
   It protects you from cold.
   It lets you go berserk.
 M - a +1 broad axe (weapon)
Armour
 c - a +0 shield (worn)
 y - a +0 cloak (worn)
 z - a +0 pair of boots (worn)
 D - the +0 ring mail of Complete Protection {rElec MR+}
   (You found it on level 6 of the Dungeon)

   It insulates you from electricity.
   It affects your resistance to hostile enchantments.
 N - a +1 scale mail of poison resistance
 O - the +10 plate armour of Liheaj (worn) {*Contam rF+++ rN+ rCorr}
   (Okawaru gifted it to you on level 10 of the Dungeon)

   It renders you almost immune to fire.
   It protects you from negative energy.
   It causes magical contamination when unequipped.
   It provides partial protection from all sources of acid and corrosion.
Jewellery
 m - an uncursed ring of resist corrosion
 w - an uncursed amulet of the acrobat
 F - an amulet of regeneration (around neck)
 G - an uncursed amulet of rage
 J - a ring of positive energy (right hand)
 P - a +1 ring of evasion (left hand)
Wands
 p - a wand of acid (14)
 v - a wand of random effects (24)
 E - a wand of disintegration (19)
 K - a wand of flame (17)
Scrolls
 g - a scroll of enchant weapon
 h - 7 scrolls of amnesia
 j - 3 scrolls of magic mapping
 l - a scroll of fear {unknown}
 n - 9 scrolls of teleportation
 o - 4 scrolls of identify
 q - a scroll of blinking
 u - 2 scrolls of enchant armour
 x - 3 scrolls of noise
 A - a scroll of immolation
 L - 3 scrolls of remove curse
Potions
 b - a potion of lignification {unknown}
 d - a potion of berserk rage {unknown}
 e - a potion of magic {unknown}
 i - 2 potions of curing {unknown}
 k - 4 potions of heal wounds
 r - a potion of flight {unknown}
 s - 4 potions of degeneration {unknown}
 t - 6 potions of agility {unknown}
 B - 4 potions of cancellation {unknown}
 H - 2 potions of brilliance {unknown}
 I - 3 potions of ambrosia {unknown}
Comestibles
 f - 27 rations
 Q - 2 chunks of flesh


   Skills:
 + Level 9.0(14.0) Fighting
 + Level 11.8(16.8) Axes
 + Level 7.8(12.8) Armour
 + Level 3.7(8.7) Dodging
 + Level 1.2(6.2) Stealth
 + Level 7.9(12.9) Shields
 + Level 1.0 Invocations


You had 10 spell levels left.
You didn't know any spells.
Your spell library contained the following spells:

 Spells                   Type           Power        Failure   Level  Hunger
 Sandblast                Erth           #.....       100%        1    ##.....
 Passwall                 Tmut/Erth      #.......     100%        2    ###....
 Stone Arrow              Conj/Erth      #.....       100%        3    ####...
 Petrify                  Tmut/Erth      #.......     100%        4    #####..
 Lee's Rapid Deconstruct  Erth           #.........   100%        5    ######.


Dungeon Overview and Level Annotations

Branches:
Dungeon (11/15)            Temple (1/1) D:4            Lair (0/6) D:11
    Orc (2/2) D:10
    Elf: Orc:2

Altars:
Ashenzari
Dithmenos
Fedhas
Hepliaklqana
Kikubaaqudgha
Makhleb
Nemelex Xobeh
Okawaru
Sif Muna
Trog
Uskayaw
Vehumet
Wu Jian
Xom
Yredelemnul
The Shining One
Beogh

Shops:
D:7 ?

Annotations:
D:9 2 transporters, Gruud's ghost, novice DsAs
Orc:2 Nessos


Innate Abilities, Weirdness & Mutations

You have a pair of small horns on your head.
You regenerate health from kills.
You sometimes gain power by taking damage.


Message History

The orc warrior hits you with a +2 battleaxe of electrocution.
* * * LOW HITPOINT WARNING * * *
You are electrocuted!
* * * LOW HITPOINT WARNING * * *
The orc warrior barely misses you.
You hit the orc knight but do no damage.
The orc knight is heavily wounded.
You closely miss the orc warrior. x2; The orc warrior closely misses you.
You block the orc knight's attack. The orc warrior closely misses you.
You hit the orc knight.
The orc knight is severely wounded.
You hit the orc warrior but do no damage.
You hit the orc warrior. You slash the orc knight!
The orc knight is severely wounded.
You hit the orc warrior. You slash the orc warrior!
The orc warrior closely misses you. You block the orc knight's attack.
The orc warrior hits you but does no damage.
You are electrocuted!
You die...

####......#.....###
###.........#.# #...........###
##.#.........# #####......##
####......#### #............##
###............##
##...)[)...@o....##
####....[...._oo.[...#
#..#.....##.....>..############
##................##...........
##.......#.......##.#.#.#.#.#.
##..............8#.^.........
##..............')..........
#####.........)')..........
#...........')..........


You could see an orc knight and 2 orc warriors.

Vanquished Creatures
  Harold (D:8)
  A two-headed ogre (D:11)
  An orc high priest (Orc:2)
  2 unseen horrors
  A cyclops (D:11)
  Joseph (D:7)
  2 kobold demonologists (D:9)
  3 trolls
  3 hippogriffs
  3 yaks (D:10)
  Grum (D:11)
  4 vampire mosquitoes (D:11)
  A hungry ghost (D:8)
  Menkaure (D:7)
  11 wargs
  2 soldier ants (D:7)
  A water moccasin (D:4)
  9 orc warriors
  2 black bears
  5 ice beasts
  A necrophage (D:10)
  3 sky beasts
  4 phantoms
  9 ogres
  4 wolves (D:11)
  3 centaurs
  A big kobold (D:11)
  5 bullfrogs
  3 scorpions
  A wyvern skeleton (D:10)
  20 killer bees
  5 howler monkeys
  6 electric eels (D:8)
  5 crimson imps
  3 centaur skeletons
  3 hounds
  A jelly (D:5)
  15 orc priests
  Crazy Yiuf (D:7)
  An iguana (D:9)
  15 orc wizards
  9 worker ants
  A killer bee zombie (D:8)
  2 hound skeletons
  2 worker ant zombies
  11 adders
  5 shadow imps
  An ooze (D:3)
  2 adder skeletons
  An adder zombie (D:6)
  4 worms
  A dart slug (D:1)
  9 leopard geckos
  59 orcs
  2 giant cockroaches (D:3)
  8 goblins
  7 hobgoblins
  25 jackals
  8 quokkas
  7 bats
  5 frilled lizards
  A jackal zombie (D:6)
  14 kobolds
  A leopard gecko skeleton (D:4)
  A quokka skeleton (D:6)
  2 rats (D:3)
  A fungus (D:7)
353 creatures vanquished.

Vanquished Creatures (others)
  2 orcs (Orc:2)
  2 plants
4 creatures vanquished.

Grand Total: 357 creatures vanquished

Notes
Turn   | Place    | Note
-------+----------+-------------------------------------------
     0 | D:1      | galech the Demonspawn Fighter began the quest for the Orb.
     0 | D:1      | Reached XP level 1. HP: 18/18 MP: 1/1
   194 | D:1      | Gained mutation: You regenerate a little health from kills.
                  | [demonic ancestry]
   194 | D:1      | Reached XP level 2. HP: 15/24 MP: 2/2
   228 | D:1      | Reached skill level 2 in Axes
   447 | D:1      | Gained mutation: You sometimes gain a little power by
                  | taking damage. [demonic ancestry]
   447 | D:1      | Reached XP level 3. HP: 29/29 MP: 3/3
  1614 | D:2      | Reached XP level 4. HP: 34/35 MP: 4/4
  1811 | D:3      | Reached skill level 3 in Axes
  2122 | D:3      | Reached skill level 1 in Dodging
  2260 | D:3      | Reached XP level 5. HP: 18/41 MP: 5/5
  3345 | D:3      | Reached XP level 6. HP: 41/48 MP: 6/6
  3508 | D:3      | Reached skill level 4 in Axes
  3580 | D:4      | HP: 2/48 [something (3)]
  4001 | D:4      | Found a staircase to the Ecumenical Temple.
  4014 | Temple   | Entered the Ecumenical Temple
  4198 | Temple   | Became a worshipper of Warmaster Okawaru
  4257 | D:4      | Reached XP level 7. HP: 34/54 MP: 7/7
  4642 | D:4      | Reached skill level 5 in Axes
  4685 | D:5      | Entered Level 5 of the Dungeon
  5250 | D:5      | Reached * piety under Okawaru
  5255 | D:5      | Got a smoking spear
  5256 | D:5      | Identified the cursed +1 spear "Wepheuxa" {freeze, +Rage
                  | rC+} (You found it on level 5 of the Dungeon)
  5763 | D:5      | Gained mutation: You regenerate health from kills. [demonic
                  | ancestry]
  5763 | D:5      | Reached XP level 8. HP: 41/61 MP: 8/8
  6091 | D:5      | Reached skill level 6 in Axes
  6234 | D:6      | Noticed a hippogriff
  6236 | D:6      | Reached skill level 5 in Armour
  6247 | D:6      | Killed a hippogriff
  6296 | D:6      | Reached ** piety under Okawaru
  6462 | D:6      | Reached skill level 7 in Axes
  6474 | D:6      | Reached skill level 5 in Fighting
  6673 | D:6      | Got a black opal-encrusted ring mail
  6684 | D:6      | Identified the cursed +0 ring mail of Complete Protection
                  | {rElec MR+} (You found it on level 6 of the Dungeon)
  7014 | D:6      | Gained mutation: You sometimes gain power by taking damage.
                  | [demonic ancestry]
  7014 | D:6      | Reached XP level 9. HP: 31/68 MP: 9/9
  7440 | D:7      | HP: 3/68 [orc warrior/+0 glaive (14)]
  7925 | D:7      | Found Jyckoy's Magic Scroll Shop.
  7941 | D:7      | Bought a scroll of identify for 22 gold pieces
  7941 | D:7      | Bought 3 scrolls of teleportation for 99 gold pieces
  7941 | D:7      | Bought a scroll of identify for 22 gold pieces
  7941 | D:7      | Bought a scroll of blinking for 82 gold pieces
  7941 | D:7      | Bought a scroll of identify for 22 gold pieces
  7971 | D:7      | Reached skill level 5 in Shields
  8018 | D:7      | Reached skill level 8 in Axes
  8031 | D:7      | Killed an unseen horror
  8031 | D:7      | Reached *** piety under Okawaru
  8322 | D:7      | Noticed Menkaure
  8327 | D:7      | Killed Menkaure
  8327 | D:7      | Reached skill level 9 in Axes
  8383 | D:7      | Noticed Joseph
  8398 | D:7      | Killed Joseph
  8732 | D:7      | Found a runed door.
  8736 | D:7      | Noticed Crazy Yiuf
  8741 | D:7      | Killed Crazy Yiuf
  8804 | D:7      | Gained mutation: You have a pair of small horns on your
                  | head. [demonic ancestry]
  8804 | D:7      | Reached XP level 10. HP: 74/76 MP: 10/10
  9375 | D:8      | Reached **** piety under Okawaru
  9972 | D:8      | Noticed Harold
  9984 | D:8      | Killed Harold
 10337 | D:9      | Reached skill level 10 in Axes
 10534 | D:9      | Found a basalt altar of Yredelemnul.
 10614 | D:9      | Noticed a smoke demon
 10632 | D:9      | Noticed Gruud's ghost (novice DsAs)
 10649 | D:9      | Found a transporter.
 10653 | D:9      | Found a transporter.
 10946 | D:9      | Reached ***** piety under Okawaru
 10946 | D:9      | Reached XP level 11. HP: 82/84 MP: 11/11
 11309 | D:10     | Entered Level 10 of the Dungeon
 11374 | D:10     | Found a staircase to the Orcish Mines.
 11385 | D:10     | Found a hide-covered altar of Uskayaw.
 11764 | D:10     | Killed an unseen horror
 11764 | D:10     | Reached skill level 1 in Stealth
 11888 | D:10     | Received a gift from Okawaru
 11891 | D:10     | Got a distressingly furry plate armour {god gift}
 11902 | D:10     | Identified the +10 plate armour of Liheaj {*Contam rF+++
                  | rN+ rCorr} (Okawaru gifted it to you on level 10 of the
                  | Dungeon)
 12027 | D:11     | Noticed a two-headed ogre
 12033 | D:11     | Killed a two-headed ogre
 12124 | D:11     | Reached skill level 11 in Axes
 12127 | D:11     | Reached skill level 1 in Invocations
 12157 | D:11     | Found a staircase to the Lair.
 12256 | D:11     | Noticed Grum
 12286 | D:11     | Killed Grum
 12954 | Orc:1    | Entered Level 1 of the Orcish Mines
 12983 | Orc:1    | Found a roughly hewn altar of Beogh.
 13100 | Orc:1    | Found a roughly hewn altar of Beogh.
 13171 | Orc:2    | Entered Level 2 of the Orcish Mines
 13236 | Orc:2    | Noticed an orc high priest
 13247 | Orc:2    | Killed an orc high priest
 13250 | Orc:2    | Noticed Nessos
 13260 | Orc:2    | Noticed an orc knight
 13261 | Orc:2    | Noticed an orc knight
 13431 | Orc:1    | Slain by an orc warrior

Vault maps used:
D:1:      dpeg_arrival_brainrot, chequers_serial_rivers_room_a, minivault_5
D:3:      first_ration, lexackson_kobold_supper
D:4:      minmay_temple_entry_statues_fountains
D:5:      serial_bayou, serial_bayou_ford_a, serial_bayou_lake_a,
          serial_bayou_lagoon_a, serial_bayou_pond_a, serial_bayou_shore_b,
          serial_bayou_pond_b, corexii_shack
D:7:      minmay_cornered_nines, serial_shops, shop, uniq_crazy_yiuf_cottage,
          uniq_menkaure, uniq_joseph
D:8:      cheibrodos_two_vegetables, uniq_harold
D:9:      yredelemnul_altar_generic, gammafunk_ghost_hive,
          chequers_serial_rivers_micro_a
D:10:     orc_0_dummy, basic_altar
D:11:     erik_lair_orcish_takeover, minmay_door_square, blue_anna_alchemist,
          minivault_27, uniq_grum
Temple:   kilobyte_greek_temple
Orc:1:    basic_altar, ebering_ghost_rock_garden, nicolae_orc_damp_corner,
          minmay_orc_temple_b
Orc:2:    st_orc_town, bloody_makhleb, uniq_nessos, uniq_urug

Skill      XL: |  1  2  3  4  5  6  7  8  9 10 11 |
---------------+----------------------------------+-----
Axes           | 2 3 4 5 7 9 10 11 | 11.8
Shields        | 3 4 5 6 7 |  7.9
Armour         | 3 4 5 6 7 |  7.8
Dodging        | 1 2 3 |  3.7
Fighting       | 4 5 6 7 9 |  9.0
Stealth        | 1 |  1.2
Invocations    | 1 |  1.0

Action                   |  1- 3 |  4- 6 |  7- 9 | 10-12 || total
-------------------------+-------+-------+-------+-------++-------
Melee: War axe           |   145 |   212 |   452 |       ||   809
       Broad axe         |       |       |    39 |   664 ||   703
       Headbutt          |       |       |       |   151 ||   151
Invok: Heroism           |       |       |     2 |     9 ||    11
  Use: Potion            |       |     1 |       |     1 ||     2
       Scroll            |       |       |    13 |     2 ||    15
  Eat: Chunk             |     2 |     6 |    12 |    19 ||    39
       Ration            |       |     1 |     1 |       ||     2
Armor: Scale mail        |    81 |   111 |     2 |    86 ||   280
       Chain mail        |       |       |   213 |    70 ||   283
       Ring mail         |       |       |    22 |     1 ||    23
       Plate armour      |       |       |       |   207 ||   207
Dodge: Dodged            |    57 |    84 |   139 |   264 ||   544
Block: Shield            |    66 |   127 |   248 |   469 ||   910

Table legend:
 A = Non-vault XP
 B = Vault XP
 C = Vault XP percentage of total XP
 D = Non-vault monster count
 E = Vault monster count
 F = Vault count percentage of total count
                 A         B        C        D         E       F
            +---------+---------+-------+---------+---------+-------
      Total |   15597 |    6225 |  28.5 |     288 |      64 |  18.2
            +---------+---------+-------+---------+---------+-------
        D:1 |      51 |       0 |   0.0 |      29 |       0 |   0.0
        D:2 |      46 |       0 |   0.0 |      16 |       0 |   0.0
        D:3 |     321 |      11 |   3.3 |      33 |       8 |  19.5
        D:4 |     481 |     158 |  24.7 |      20 |       2 |   9.1
        D:5 |     575 |       2 |   0.3 |      10 |       1 |   9.1
        D:6 |    1325 |       0 |   0.0 |      28 |       0 |   0.0
        D:7 |    1148 |    1661 |  59.1 |      27 |       6 |  18.2
        D:8 |    1509 |    1423 |  48.5 |      27 |      10 |  27.0
        D:9 |    2563 |       0 |   0.0 |      32 |       0 |   0.0
       D:10 |    2310 |     161 |   6.5 |      24 |       1 |   4.0
       D:11 |    3591 |    1145 |  24.2 |      29 |      12 |  29.3
      Orc:1 |     174 |    1021 |  85.4 |       3 |      19 |  86.4
      Orc:2 |    1503 |     643 |  30.0 |      10 |       5 |  33.3
            +---------+---------+-------+---------+---------+-------
